AoeStats
← TW_Jerry YT @TW-aoe2noobs

Arena

508877193Analyzed
4v4 RM · 8d ago on Sep 24, 2026· 35m 41s· 8 players
Game mode
Random Map
Map size
Large (8 player)
Population
200
Speed
Normal
Resources
Standard
Victory
Conquest
Starting age
Dark Age
Ending age
Imperial Age
RankedLock teamsTeams togetherTeam positionsShared explorationLock speedFull tech treeHidden civsTurbo modeCheats
Victory
Defeat
🇮🇹 Bohemians · Italy
1588
+17
🇳🇱 Saxons · Netherlands
1580
+17
🇩🇪 Danes · Germany
1535
+19
🇨🇳 Varangians · China
1535
+19
🇦🇷 Celts · Argentina
1643
-19
1631
-19
🇹🇼 Spanish · Taiwan
1594
-18
🇹🇼 Slavs · Taiwan
1547
-16
Window_of_Opportunity
10:35 Feudal Age
11:07 Horse Collar
14:06 Castle Age
11:54 Double-Bit Axe
17:22 Bow Saw
17:13 Heavy Plow
22:04 Wheelbarrow
21:18 Loom
21:28 Town Watch
23:14 Gold Mining
24:47 Hand Cart
27:15 Imperial Age
24:53 Fletching
25:35 Scale Mail Armor
26:36 Chain Mail Armor
26:29 Squires
26:15 Gambesons
26:48 Forging
29:04 Plate Mail Armor
29:39 Fletching
30:11 Ballistics
30:56 Chemistry
29:59 Crossbowman
30:36 Bodkin Arrow
31:48 Two-Man Saw
31:36 Conscription
31:42 Bracer
32:04 Thumb Ring
32:02 Padded Archer Armor
32:08 Stone Mining
32:54 Gold Shaft Mining
32:18 Arbalester
35:54 Crop Rotation
Poggle-der-Fisch
10:32 Feudal Age
14:10 Castle Age
12:04 Double-Bit Axe
12:41 Horse Collar
14:11 Fletching
19:08 Squires
20:12 Scale Mail Armor
22:45 Gambesons
23:18 Chain Mail Armor
25:46 Loom
26:17 Arson
31:09 Wheelbarrow
32:15 Gold Mining
32:18 Stone Mining
32:41 Bow Saw
33:39 Hand Cart
33:10 Town Watch
38:46 Imperial Age
[David]Dreamer
1:35 Loom
12:00 Feudal Age
12:54 Town Watch
15:50 Castle Age
13:38 Double-Bit Axe
13:50 Horse Collar
15:27 Bloodlines
18:25 Wheelbarrow
18:07 Bow Saw
19:48 Loom
21:30 Heavy Plow
21:56 Light Cavalry
23:26 Husbandry
24:09 Scale Barding Armor
25:56 Hand Cart
26:20 Chain Barding Armor
27:17 Forging
29:21 Iron Casting
36:00 Imperial Age
34:30 Scale Mail Armor
EVA | luxfma
10:46 Feudal Age
14:29 Castle Age
13:02 Double-Bit Axe
12:59 Horse Collar
15:25 Bow Saw
17:17 Chemistry
19:09 Loom
21:03 Town Watch
21:23 Heavy Plow
24:06 Padded Archer Armor
30:49 Wheelbarrow
33:40 Fortified Wall
TW_HIHAO
10:13 Feudal Age
11:50 Double-Bit Axe
11:48 Horse Collar
14:29 Castle Age
12:36 Gold Mining
15:27 Bow Saw
16:14 Gold Shaft Mining
27:22 Stone Mining
27:41 Loom
29:31 Fletching
菜就怪隊友
2:51 Loom
10:45 Feudal Age
11:53 Feudal Age
12:43 Double-Bit Axe
15:55 Castle Age
13:45 Horse Collar
17:01 Bow Saw
19:57 Wheelbarrow
21:50 Scale Mail Armor
28:33 Imperial Age
26:24 Forging
26:47 Chain Mail Armor
26:46 Squires
26:47 Man-at-Arms
28:26 Hand Cart
27:41 Long Swordsman
29:26 Iron Casting
29:07 Heavy Plow
28:33 Two-Handed Swordsman
31:14 Crop Rotation
31:32 Plate Mail Armor
33:13 Blast Furnace
33:31 Two-Man Saw
32:52 Champion
35:06 Conscription
TW_Jerry YT @TW-aoe2noobs
10:49 Feudal Age
14:36 Castle Age
12:23 Double-Bit Axe
16:16 Bow Saw
21:17 Loom
22:06 Scale Barding Armor
25:01 Man-at-Arms
27:58 Wheelbarrow
TW_KA
11:15 Feudal Age
15:02 Castle Age
13:31 Horse Collar
13:39 Double-Bit Axe
16:36 Padded Archer Armor
20:27 Leather Archer Armor
23:00 Wheelbarrow
34:17 Hand Cart
37:02 Imperial Age
34:31 Gold Mining
Connection lost

Rejoining the realm…

Still unreachable

The connection could not be restored.

Session expired

The server has moved on; the page needs a fresh start.